 Dungeon Crawl Stone Soup version 0.17.1-1-g73c8601 (webtiles) character file.

6688 shmeve the Blocker (level 10, 0/93 HPs)
             Began as a Minotaur Berserker on Apr 25, 2016.
             Was an Elder of Trog.
             Slain by a basilisk (7 damage)
             ... on level 10 of the Dungeon.
             The game lasted 00:15:14 (7007 turns).

shmeve the Blocker (Minotaur Berserker)             Turns: 7007, Time: 00:15:14

Health: 0/93       AC: 14    Str: 34    XL:     10   Next: 73%
Magic:  19/19      EV: 10    Int: 14    God:    Trog [****..]
Gold:   739        SH: 19    Dex: 10    Spells: 0 memorised, 9 levels left

rFire  . . .     SeeInvis .     H - +0 war axe
rCold  . . .     Clarity  +     C - +5 ring mail of the Black Moon {Str+3 Int+4 Stlth-}
rNeg   . . .     SustAt   .     u - +0 large shield
rPois  .         Gourm    .     m - +3 hat of Pondering {ponderous, MR+ MP+10 Int+5}
rElec  .         Spirit   .     (no cloak)
rCorr  .         Warding  .     (no gloves)
rMut   .         Stasis   .     (no boots)
MR     +++..                    r - amulet of clarity
Stlth  ..........               l - +4 ring of strength
                                y - +3 ring of strength

@: lethally poisoned (0 -> -1), exhausted, regenerating, slowed, very slow,
extremely resistant to hostile enchantments, extremely unstealthy
A: retaliatory headbutt, horns 2
a: Berserk, Trog's Hand, Brothers in Arms, Burn Spellbooks, Renounce Religion


You were on level 10 of the Dungeon.
You worshipped Trog.
Trog was greatly pleased with you.
You were near starving.

You visited 2 branches of the dungeon, and saw 11 of its levels.
You also visited: Ossuary.

You collected 787 gold pieces.
You spent 48 gold pieces at shops.

Inventory:

Hand Weapons
 H - a +0 war axe (weapon)
Armour
 m - the +3 hat of Pondering (worn) {ponderous, MR+ MP+10 Int+5}
   (You took it off Gastronok on level 8 of the Dungeon)

   It affects your intelligence (+5).
   It affects your resistance to hostile enchantments.
   It affects your magic capacity (+10).
 u - a +0 large shield (worn)
 C - the +5 ring mail of the Black Moon (worn) {Str+3 Int+4 Stlth-}
   (You found it on level 5 of the Dungeon)

   It affects your strength (+3).
   It affects your intelligence (+4).
   It makes you less stealthy.
Jewellery
 l - a +4 ring of strength (right hand)
 r - an amulet of clarity (around neck)
 y - a +3 ring of strength (left hand)
Wands
 F - a wand of enslavement (11)
Scrolls
 a - a scroll of fear
 f - 3 scrolls of teleportation
 h - a scroll of recharging
 j - 8 scrolls of remove curse
 o - 2 scrolls of identify
 q - 6 scrolls of amnesia
 t - 2 scrolls of magic mapping
 A - a scroll of noise
Potions
 b - 2 potions of brilliance
 d - 5 potions of curing
 e - 3 potions of flight
 g - 4 potions of agility
 i - a potion of invisibility {unknown}
 k - a potion of degeneration {unknown}
 n - a potion of beneficial mutation {unknown}
 s - 2 potions of lignification {unknown}
 v - a potion of haste {unknown}
 w - a potion of mutation {unknown}
 z - a potion of magic {unknown}
 E - a potion of berserk rage {unknown}
Books
 p - a book of Battle

   Spells                             Type                      Level
   a - Infusion                       Charms                       1
   b - Shroud of Golubria             Charms/Translocation         2
   c - Song of Slaying                Charms                       2
   d - Spectral Weapon                Hexes/Charms                 3
   e - Regeneration                   Charms/Necromancy            3
   Trog disapproves of the use of such an item.
Comestibles
 c - 3 bread rations
 x - 2 meat rations
 B - a royal jelly
 D - 5 fruits
 G - 2 chunks of flesh


   Skills:
 * Level 9.8 Fighting
 * Level 9.7 Axes
 + Level 5.2 Throwing
 + Level 7.1 Armour
 + Level 5.9 Dodging
 * Level 9.9 Shields


You had 9 spell levels left.
You didn't know any spells.

Dungeon Overview and Level Annotations

Branches:
Dungeon (10/15)            Temple (1/1) D:6
   Lair: D:8-11         Orc: D:9-12

Altars:
Ashenzari
Dithmenos
Qazlal
Sif Muna
Vehumet
Xom
The Shining One

Shops:
D:6 *   D:8 *


Innate Abilities, Weirdness & Mutations

You reflexively headbutt those who attack you in melee.
You have a pair of horns on your head.


Message History

The basilisk barely misses you. The gnoll hits you but does no damage.
The yak gores you but does no damage.
You slash the yak!
You kill the yak!
Trog accepts your kill.
You barely miss the basilisk.
The basilisk is almost dead.
You closely miss the gnoll.
The gnoll is severely wounded.
You feel very sick.
Your two-headed ogre barely misses the gnoll.
Your two-headed ogre hits the gnoll with a giant spiked club.
The basilisk gazes at you. You resist with almost no effort.
Something hits the plant but does no damage.
Your two-headed ogre hits the gnoll with a giant club!!
The gnoll dies!
Trog accepts your kill. The basilisk bites you!
You die...

...........#
....(......#
...........####
...............
...............
.(.....>.......
......l)O......
P.....)@)..#
P.#####(####
###(#######
#.........#
#.........#
#.........#
#.........#
#.........#
#.........#


You could see a basilisk and a friendly two-headed ogre (berserk).

Vanquished Creatures
  Gastronok (D:8)
  Sonja (D:10)
  The ghost of Anno the Covert, a novice HaAs of Dithmenos (D:5)
  Prince Ribbit (D:9)
  Sigmund (D:3)
  A yak (D:10)
  A water moccasin (D:8)
  An orc warrior (D:10)
  3 sky beasts
  An eye of draining (D:9)
  2 necrophages (D:8)
  3 ogres
  3 centaurs
  An elf zombie (Ossuary)
  6 giant frogs
  2 big kobolds (D:9)
  A water moccasin zombie (D:7)
  3 scorpions
  7 killer bees
  A centaur zombie (Ossuary)
  A giant frog zombie (D:9)
  3 crimson imps
  2 hounds (D:8)
  2 jellies
  A giant frog skeleton (D:9)
  4 orc priests
  A centaur skeleton (D:5)
  2 orc wizards (D:9)
  7 worker ants
  4 iguanas
  A killer bee zombie (D:8)
  4 big kobold zombies (Ossuary)
  A hound skeleton (D:8)
  2 mummies (Ossuary)
  8 gnolls
  A worker ant zombie (D:9)
  13 adders
  An adder skeleton (D:4)
  3 worms
  4 giant geckos
  12 orcs
  8 bats
  6 giant cockroaches
  2 gnoll zombies (Ossuary)
  5 goblins
  11 hobgoblins
  19 jackals
  18 kobolds
  A quokka (D:7)
  6 giant newts
  A hobgoblin zombie (Ossuary)
  5 orc zombies (Ossuary)
  A quokka skeleton (D:9)
  2 quokka zombies
  12 rats
  A rat zombie (D:5)
216 creatures vanquished.

Vanquished Creatures (collateral kills)
  An orc warrior (D:10)
  A gnoll (D:10)
  An orc (D:10)
3 creatures vanquished.

Vanquished Creatures (others)
  A fungus (D:10)
1 creature vanquished.

Grand Total: 220 creatures vanquished

Notes
Turn   | Place    | Note
--------------------------------------------------------------
     0 | D:1      | shmeve the Minotaur Berserker began the quest for the Orb.
     0 | D:1      | Reached XP level 1. HP: 19/19 MP: 0/0
   221 | D:1      | Reached XP level 2. HP: 27/27 MP: 1/1
   556 | D:1      | Reached ** piety under Trog
   572 | D:1      | Reached skill level 4 in Axes
   711 | D:2      | Reached skill level 1 in Throwing
   742 | D:2      | Reached XP level 3. HP: 29/33 MP: 2/2
  1349 | D:2      | Reached *** piety under Trog
  1349 | D:2      | Reached XP level 4. HP: 38/40 MP: 3/3
  1831 | D:3      | Found a faded altar to an unknown god.
  1911 | D:3      | Reached skill level 1 in Shields
  2066 | D:3      | Noticed Sigmund
  2081 | D:3      | Killed Sigmund
  2081 | D:3      | Reached skill level 5 in Shields
  2081 | D:3      | Reached XP level 5. HP: 28/47 MP: 4/4
  2406 | D:4      | Reached XP level 6. HP: 42/53 MP: 5/5
  2626 | D:4      | Reached skill level 5 in Axes
  2898 | D:5      | Entered Level 5 of the Dungeon
  2910 | D:5      | Reached XP level 7. HP: 60/60 MP: 6/6
  2943 | D:5      | Found a sand-covered staircase.
  2951 | Ossuary  | Entered an ossuary
  3139 | Ossuary  | Reached skill level 5 in Fighting
  3171 | Ossuary  | Reached skill level 6 in Shields
  3681 | D:5      | Got a spiked ring mail
  3692 | D:5      | Identified the +5 ring mail of the Black Moon {Str+3 Int+4 Stlth-} (You found it on level 5 of the Dungeon)
  3737 | D:5      | Found a stormy altar of Qazlal.
  3737 | D:5      | Noticed Anno's ghost (novice HaAs)
  3761 | D:5      | Killed Anno's ghost
  3761 | D:5      | Reached XP level 8. HP: 60/70 MP: 7/7
  4045 | D:6      | Found Piumn's General Store.
  4145 | D:6      | Found a staircase to the Ecumenical Temple.
  4344 | Temple   | Entered the Ecumenical Temple
  4395 | D:7      | Reached skill level 7 in Shields
  4929 | D:8      | Reached skill level 5 in Armour
  4951 | D:8      | Noticed Gastronok
  4965 | D:8      | Killed Gastronok
  4965 | D:8      | Reached **** piety under Trog
  4965 | D:8      | Reached skill level 8 in Fighting
  4965 | D:8      | Reached skill level 5 in Dodging
  4965 | D:8      | Reached XP level 9. HP: 34/81 MP: 8/8
  5501 | D:8      | Found a shimmering altar of Xom.
  5508 | D:8      | Reached skill level 9 in Shields
  5511 | D:8      | Reached XP level 10. HP: 90/90 MP: 9/9
  5531 | D:8      | Found Kaitosm's Assorted Antiques.
  5534 | D:8      | Bought a scroll labeled ZEUREO WIMU for 24 gold pieces
  5534 | D:8      | Bought a scroll labeled DEQALITTE HYUN for 24 gold pieces
  6279 | D:9      | Noticed Prince Ribbit
  6286 | D:9      | Killed Prince Ribbit
  6893 | D:9      | Reached ***** piety under Trog
  6919 | D:10     | Entered Level 10 of the Dungeon
  6979 | D:10     | Noticed Sonja
  6987 | D:10     | Received a gift from Trog
  7000 | D:10     | Killed Sonja
  7000 | D:10     | Reached skill level 5 in Throwing
  7007 | D:10     | Slain by a basilisk

Action                   |  1- 3 |  4- 6 |  7- 9 | 10-12 || total
-------------------------+-------+-------+-------+-------++-------
Melee: Hand axe          |   117 |   110 |   274 |   116 ||   617
       War axe           |       |       |       |    24 ||    24
Invok: Trog's Hand       |       |     1 |     1 |     2 ||     4
       Berserk           |       |       |     1 |     1 ||     2
       Burn Spellbooks   |       |       |     1 |       ||     1
       Brothers in Arms  |       |       |       |     1 ||     1
  Use: Scroll            |       |       |    15 |     3 ||    18
  Eat: Chunk             |     1 |     5 |     9 |     5 ||    20
       Fruit             |       |       |     2 |       ||     2
